| TOP OF THE 1ST |
|
Portland Sea Dogs batting - Pitching for Erie SeaWolves : RHP Andy Thoennes
|
|
Pitching: RHP Andy Thoennes
|
|
|
Batting: LHB Julian Toney
|
0-0: Called Strike 0-1: Ball 1-1: Foul Ball, location: 2F 1-2: Strikes out swinging, 2-3 out at first.
|
|
Batting: RHB Nate Dickinson
|
0-0: Ball 1-0: Ball 2-0: Ball 3-0: Base on Balls
|
|
Batting: LHB Brent Albertson
|
0-0: Ball 1-0: Called Strike Nate Dickinson is caught stealing 2nd base 2-6 1-1: Ground out 6-3 (Groundball, P, EV 80.6 MPH)
|
| Top of the 1st over - 0 runs, 0 hits, 0 errors, 0 left on base; Portland 0 - Erie 0 |
| BOTTOM OF THE 1ST |
|
Erie SeaWolves batting - Pitching for Portland Sea Dogs : LHP Randy Yarrigle
|
|
Pitching: LHP Randy Yarrigle
|
|
|
Batting: RHB Ken DiFerdinando
|
0-0: Fly out, F9 (Line Drive, 9D, EV 94.4 MPH)
|
|
Batting: RHB Yaremka Rzhevsky
|
0-0: Fly out, F8 (Line Drive, 8LM, EV 89.4 MPH)
|
|
Batting: LHB Freddy Troncoso
|
0-0: Ball 1-0: Ball 2-0: Fly out, F8 (Flyball, 8RD, EV 84.4 MPH)
|
| Bottom of the 1st over - 0 runs, 0 hits, 0 errors, 0 left on base; Portland 0 - Erie 0 |
| TOP OF THE 2ND |
|
Portland Sea Dogs batting - Pitching for Erie SeaWolves : RHP Andy Thoennes
|
|
Batting: RHB Neil Mautone
|
0-0: Ball 1-0: Foul Ball, location: 2F 1-1: Foul Ball, location: 2F 1-2: Ball 2-2: Foul Ball, location: 2F 2-2: DOUBLE (Line Drive, 3D, EV 102.5 MPH)
|
|
Batting: RHB Carlos Nolasco
|
0-0: Ball 1-0: Ground out 5-3 (Groundball, 56S, EV 83.8 MPH)
|
|
Batting: LHB Alex Mendoza
|
0-0: Called Strike 0-1: SINGLE (Groundball, 56S, EV 70.6 MPH) (infield hit) Neil Mautone to third
|
|
Batting: LHB Dave Reyes
|
0-0: Ball 1-0: Ball Wild Pitch! Neil Mautone scores Alex Mendoza to second 2-0: Called Strike 2-1: Fly out, F8 (Flyball, 8RXD, EV 92.5 MPH) Runner from 2nd tags up, SAFE at 3rd, no throw by CF
|
|
Batting: RHB Rogelio Losano
|
0-0: Ground out 6-3 (Groundball, 56, EV 86.9 MPH)
|
| Top of the 2nd over - 1 run, 2 hits, 0 errors, 1 left on base; Portland 1 - Erie 0 |
| BOTTOM OF THE 2ND |
|
Erie SeaWolves batting - Pitching for Portland Sea Dogs : LHP Randy Yarrigle
|
|
Batting: RHB Steve Clark
|
0-0: Ball 1-0: Foul Ball, location: 2F 1-1: Called Strike 1-2: DOUBLE (Line Drive, 7LS, EV 98.1 MPH)
|
|
Batting: RHB Miguel Nunez
|
0-0: SINGLE (Groundball, 56S, EV 67.5 MPH) (infield hit) Steve Clark to third
|
|
Batting: LHB Luis Dominguez
|
0-0: Called Strike 0-1: SINGLE (Groundball, 34D, EV 85.0 MPH) (infield hit) Steve Clark scores Miguel Nunez to second
|
|
Batting: RHB Jordan Mejias
|
0-0: Swinging Strike 0-1: Ball 1-1: Foul Ball, location: 2F 1-2: Grounds into double play, 3-6-3 (Groundball, 34, EV 103.8 MPH) Miguel Nunez to third
|
|
Batting: LHB Oscar Gonzalez
|
0-0: Foul Ball, location: 2F 0-1: Foul Ball, location: 2F 0-2: Foul Ball, location: 2F 0-2: Ball 1-2: Ball 2-2: Ball 3-2: Strikes out looking
|
| Bottom of the 2nd over - 1 run, 3 hits, 0 errors, 1 left on base; Portland 1 - Erie 1 |
| TOP OF THE 3RD |
|
Portland Sea Dogs batting - Pitching for Erie SeaWolves : RHP Andy Thoennes
|
|
Batting: LHB Arcot Ramathorn
|
0-0: Ground out 4-3 (Groundball, 4M, EV 86.3 MPH)
|
|
Batting: LHB Julian Toney
|
0-0: Ball 1-0: Ground out 1-3 (Groundball, 13, EV 66.3 MPH)
|
|
Batting: RHB Nate Dickinson
|
0-0: Ground out 6-3 (Groundball, 6, EV 106.3 MPH)
|
| Top of the 3rd over - 0 runs, 0 hits, 0 errors, 0 left on base; Portland 1 - Erie 1 |
| BOTTOM OF THE 3RD |
|
Erie SeaWolves batting - Pitching for Portland Sea Dogs : LHP Randy Yarrigle
|
|
DELAY
|
Rain delay of 57 minutes in the 3rd inning.
|
|
Batting: LHB Adam Lancaster
|
0-0: Ball 1-0: DOUBLE (Line Drive, 78D, EV 110.0 MPH)
|
|
Batting: RHB Ken DiFerdinando
|
0-0: Called Strike 0-1: Swinging Strike 0-2: Ball 1-2: SINGLE (Groundball, 34D, EV 103.8 MPH) Adam Lancaster to third Runner from 3rd tries for Home, SAFE, throw by RF to home
|
|
Batting: RHB Yaremka Rzhevsky
|
0-0: Called Strike 0-1: Ball 1-1: Fly out, F7 (Flyball, 7LS, EV 89.4 MPH)
|
|
Batting: LHB Freddy Troncoso
|
0-0: Ball 1-0: Fielders Choice at 2nd, 4-6 (Groundball, 4MD, EV 96.3 MPH)
|
|
Batting: RHB Steve Clark
|
0-0: Called Strike 0-1: Ball Freddy Troncoso is caught stealing 2nd base 2-4
|
| Bottom of the 3rd over - 1 run, 2 hits, 0 errors, 0 left on base; Portland 1 - Erie 2 |
| TOP OF THE 4TH |
|
Portland Sea Dogs batting - Pitching for Erie SeaWolves : RHP Andy Thoennes
|
|
Batting: LHB Brent Albertson
|
0-0: Ball 1-0: Fly out, F6 (Line Drive, 6, EV 69.4 MPH)
|
|
Batting: RHB Neil Mautone
|
0-0: Fly out, F8 (Flyball, 8LM, EV 92.5 MPH)
|
|
Batting: RHB Carlos Nolasco
|
0-0: Ball 1-0: Called Strike 1-1: Called Strike 1-2: Strikes out swinging
|
| Top of the 4th over - 0 runs, 0 hits, 0 errors, 0 left on base; Portland 1 - Erie 2 |
| BOTTOM OF THE 4TH |
|
Erie SeaWolves batting - Pitching for Portland Sea Dogs : LHP Randy Yarrigle
|
|
Batting: RHB Steve Clark
|
0-0: Foul Ball, location: 2F 0-1: Ground out 6-3 (Groundball, 6, EV 80.0 MPH)
|
|
Batting: RHB Miguel Nunez
|
0-0: Foul Ball, location: 2F 0-1: Foul Ball, location: 2F 0-2: Hit by Pitch
|
|
Pinch Runner at 1st Dusty Newman:
|
|
|
Batting: LHB Luis Dominguez
|
0-0: Called Strike 0-1: Swinging Strike 0-2: Foul Ball, location: 2F 0-2: Ball 1-2: Fielders Choice at 2nd, 4-6 (Groundball, 4M, EV 84.4 MPH)
|
|
Batting: RHB Jordan Mejias
|
0-0: Fielders Choice at 2nd, 5-4 (Groundball, 5, EV 104.4 MPH)
|
| Bottom of the 4th over - 0 runs, 0 hits, 0 errors, 1 left on base; Portland 1 - Erie 2 |
| TOP OF THE 5TH |
|
Portland Sea Dogs batting - Pitching for Erie SeaWolves : RHP Andy Thoennes
|
|
Now at C: Dusty Newman
|
|
|
Batting: LHB Alex Mendoza
|
0-0: Ball 1-0: Called Strike 1-1: Ball 2-1: Swinging Strike 2-2: Strikes out swinging
|
|
Batting: LHB Dave Reyes
|
0-0: Called Strike 0-1: Ball 1-1: Swinging Strike 1-2: Ball 2-2: Foul Ball, location: 2F 2-2: Ball 3-2: Base on Balls
|
|
Batting: RHB Rogelio Losano
|
0-0: Called Strike Dave Reyes steals 2nd base 0-1: Called Strike 0-2: Ball 1-2: Strikes out swinging, 2-3 out at first.
|
|
Batting: LHB Arcot Ramathorn
|
0-0: Ball 1-0: Ball 2-0: Called Strike 2-1: DOUBLE (Line Drive, 8LXD, EV 101.3 MPH) Dave Reyes scores
|
|
Batting: LHB Julian Toney
|
0-0: Ball Wild Pitch! Arcot Ramathorn to third 1-0: Ball 2-0: Ground out 4-3 (Groundball, 34, EV 80.0 MPH)
|
| Top of the 5th over - 1 run, 1 hit, 0 errors, 1 left on base; Portland 2 - Erie 2 |
| BOTTOM OF THE 5TH |
|
Erie SeaWolves batting - Pitching for Portland Sea Dogs : LHP Randy Yarrigle
|
|
Batting: LHB Oscar Gonzalez
|
0-0: Ball 1-0: Ball 2-0: Ball 3-0: Ground out 6-3 (Groundball, 6, EV 90.6 MPH)
|
|
Batting: LHB Adam Lancaster
|
0-0: Fly out, F6 (Flyball, 4MD, EV 91.9 MPH)
|
|
Batting: RHB Ken DiFerdinando
|
0-0: Ball 1-0: Called Strike 1-1: Fly out, F8 (Flyball, 8LD, EV 85.6 MPH)
|
| Bottom of the 5th over - 0 runs, 0 hits, 0 errors, 0 left on base; Portland 2 - Erie 2 |
| TOP OF THE 6TH |
|
Portland Sea Dogs batting - Pitching for Erie SeaWolves : RHP Andy Thoennes
|
|
Batting: RHB Nate Dickinson
|
0-0: Foul Ball, location: 2F 0-1: Swinging Strike 0-2: Ball 1-2: Foul Ball, location: 2F 1-2: Ball 2-2: Foul Ball, location: 2F 2-2: Foul Ball, location: 2F 2-2: Ground out 5-3 (Groundball, 56S, EV 65.0 MPH)
|
|
Batting: LHB Brent Albertson
|
0-0: Ball 1-0: Swinging Strike 1-1: Ball 2-1: Ball 3-1: Called Strike 3-2: Foul Ball, location: 2F 3-2: Base on Balls
|
|
Batting: RHB Neil Mautone
|
0-0: Ball Passed Ball! Brent Albertson to second 1-0: Foul Ball, location: 2F 1-1: Ball Passed Ball! Brent Albertson to third 2-1: Ball 3-1: Called Strike 3-2: Fly out, F7 (Flyball, 7LM, EV 93.1 MPH) Runner from 3rd tags up, SCORES, throw by LF
|
|
Batting: RHB Carlos Nolasco
|
0-0: Ball 1-0: Called Strike 1-1: Swinging Strike 1-2: Ground out 5-3 (Groundball, 56S, EV 78.1 MPH)
|
| Top of the 6th over - 1 run, 0 hits, 0 errors, 0 left on base; Portland 3 - Erie 2 |
| BOTTOM OF THE 6TH |
|
Erie SeaWolves batting - Pitching for Portland Sea Dogs : LHP Randy Yarrigle
|
|
Batting: RHB Yaremka Rzhevsky
|
0-0: Ground out 6-3 (Groundball, 56, EV 101.3 MPH)
|
|
Batting: LHB Freddy Troncoso
|
0-0: Ball 1-0: Ground out 6-3 (Groundball, 6, EV 108.1 MPH)
|
|
Batting: RHB Steve Clark
|
0-0: Called Strike 0-1: Ball 1-1: SINGLE (Flyball, 3D, EV 98.8 MPH)
|
|
Batting: RHB Dusty Newman
|
0-0: Ball 1-0: Reached on error, E5 (Groundball, 5, EV 100.0 MPH) Steve Clark to second
|
|
Batting: LHB Luis Dominguez
|
0-0: Ground out U3 (Groundball, 13, EV 85.0 MPH)
|
| Bottom of the 6th over - 0 runs, 1 hit, 1 error, 2 left on base; Portland 3 - Erie 2 |
| TOP OF THE 7TH |
|
Portland Sea Dogs batting - Pitching for Erie SeaWolves : RHP Andy Thoennes
|
|
Batting: LHB Alex Mendoza
|
0-0: Swinging Strike 0-1: Called Strike 0-2: SINGLE (Line Drive, 7LS, EV 111.9 MPH)
|
|
Batting: LHB Dave Reyes
|
0-0: Ball 1-0: Bunted foul 1-1: Ball 2-1: Sac Bunt to 15S - play at first, batter OUT! 1-4 Alex Mendoza to second
|
|
Batting: RHB Rogelio Losano
|
0-0: Ball Wild Pitch! Alex Mendoza to third 1-0: Foul Ball, location: 2F 1-1: Called Strike 1-2: Ball 2-2: SINGLE (Groundball, 34, EV 98.8 MPH) Alex Mendoza scores
|
|
Pitching: LHP Travis Sergo
|
|
|
Batting: LHB Arcot Ramathorn
|
0-0: Called Strike 0-1: Grounds into double play, 4-6-3 (Groundball, 4MD, EV 100.0 MPH)
|
| Top of the 7th over - 1 run, 2 hits, 0 errors, 0 left on base; Portland 4 - Erie 2 |
| BOTTOM OF THE 7TH |
|
Erie SeaWolves batting - Pitching for Portland Sea Dogs : LHP Randy Yarrigle
|
|
Batting: RHB Jordan Mejias
|
0-0: Called Strike 0-1: Ground out 6-3 (Groundball, 6M, EV 88.1 MPH)
|
|
Batting: LHB Oscar Gonzalez
|
0-0: Foul Ball, location: 2F 0-1: Foul Ball, location: 2F 0-2: Ball 1-2: Fly out, F7 (Flyball, 78D, EV 110.6 MPH)
|
|
Batting: LHB Adam Lancaster
|
0-0: Called Strike 0-1: Ball 1-1: Ball 2-1: Called Strike 2-2: Foul Ball, location: 2F 2-2: Ball 3-2: Foul Ball, location: 2F 3-2: Strikes out looking
|
| Bottom of the 7th over - 0 runs, 0 hits, 0 errors, 0 left on base; Portland 4 - Erie 2 |
| TOP OF THE 8TH |
|
Portland Sea Dogs batting - Pitching for Erie SeaWolves : LHP Travis Sergo
|
|
Batting: RHB Chris Carlin
|
0-0: Ground out 4-3 (Groundball, 4, EV 85.6 MPH)
|
|
Batting: RHB Nate Dickinson
|
0-0: Called Strike 0-1: Fly out, F8 (Flyball, 8LD, EV 100.0 MPH)
|
|
Batting: LHB Brent Albertson
|
0-0: Ball 1-0: DOUBLE (Line Drive, 89D, EV 105.0 MPH)
|
|
Batting: RHB Neil Mautone
|
0-0: Ball 1-0: Ball 2-0: Called Strike 2-1: Foul Ball, location: 2F 2-2: Foul Ball, location: 2F 2-2: Ball 3-2: Strikes out swinging
|
| Top of the 8th over - 0 runs, 1 hit, 0 errors, 1 left on base; Portland 4 - Erie 2 |
| BOTTOM OF THE 8TH |
|
Erie SeaWolves batting - Pitching for Portland Sea Dogs : LHP Randy Yarrigle
|
|
Batting: RHB Ken DiFerdinando
|
0-0: Called Strike 0-1: Ball 1-1: Swinging Strike 1-2: Ball 2-2: Ground out 4-3 (Groundball, 4, EV 102.5 MPH)
|
|
Batting: RHB Yaremka Rzhevsky
|
0-0: Ball 1-0: Ball 2-0: Called Strike 2-1: Called Strike 2-2: SINGLE (Line Drive, 8LS, EV 90.6 MPH)
|
|
Pitching: RHP Billy Fitzgerald
|
|
|
Batting: LHB Freddy Troncoso
|
0-0: Foul Ball, location: 2F 0-1: Grounds out, U3 (Groundball, 3L, EV 88.8 MPH)
|
|
Batting: RHB Steve Clark
|
0-0: Ball 1-0: Foul Ball, location: 2F 1-1: Ball 2-1: Fly out, F7 (Line Drive, 7, EV 93.8 MPH)
|
| Bottom of the 8th over - 0 runs, 1 hit, 0 errors, 1 left on base; Portland 4 - Erie 2 |
| TOP OF THE 9TH |
|
Portland Sea Dogs batting - Pitching for Erie SeaWolves : LHP Travis Sergo
|
|
Pitching: RHP Stacey Kerssies
|
|
|
Pinch Hitting: LHB Parker Lowe
|
0-0: Ball 1-0: Foul Ball, location: 2F 1-1: Called Strike 1-2: Strikes out swinging
|
|
Batting: LHB Alex Mendoza
|
0-0: Ball 1-0: Foul Ball, location: 2F 1-1: Foul Ball, location: 2F 1-2: Fly out, F7 (Flyball, 78XD, EV 103.8 MPH)
|
|
Batting: LHB Dave Reyes
|
0-0: Called Strike 0-1: Ball 1-1: Ground out 6-3 (Groundball, 6, EV 82.5 MPH)
|
| Top of the 9th over - 0 runs, 0 hits, 0 errors, 0 left on base; Portland 4 - Erie 2 |
| BOTTOM OF THE 9TH |
|
Erie SeaWolves batting - Pitching for Portland Sea Dogs : RHP Billy Fitzgerald
|
|
Pitching: RHP Michael Vazquez
|
|
|
Now at 3B: Trent Hood
|
|
|
Batting: RHB Dusty Newman
|
0-0: Called Strike 0-1: Ball 1-1: Swinging Strike 1-2: Ball 2-2: Ball 3-2: Strikes out swinging
|
|
Batting: LHB Luis Dominguez
|
0-0: Ground out 6-3 (Groundball, 6M, EV 83.1 MPH)
|
|
Pinch Hitting: LHB Takuya Uchida
|
0-0: Called Strike 0-1: Swinging Strike 0-2: Ball 1-2: Strikes out looking
|
| Bottom of the 9th over - 0 runs, 0 hits, 0 errors, 0 left on base; Portland 4 - Erie 2 |
|